 Dungeon Crawl Stone Soup version 0.29.1-13-g9f3cf754e1 (webtiles) character file.

Game seed: 11154333563582271248

7581 styxcanada the Unseen (level 10, -4/50 HPs)
             Began as a Spriggan Brigand on Jan 21, 2023.
             Was an Initiate of Gozag.
             Killed from afar by an acid dragon (16 damage)
             ... with a splash of acid
             ... on level 10 of the Dungeon on Feb 2, 2023.
             The game lasted 00:59:00 (12560 turns).

styxcanada the Unseen (Spriggan Brigand)           Turns: 12560, Time: 00:59:00

Health: -4/50      AC:  2    Str:  7    XL:     10   Next: 97%
Magic:  0/11       EV: 22    Int: 14    God:    Gozag
Gold:   1887       SH:  8    Dex: 20    Spells: 9/9 levels left

rFire   . . .      SeeInvis +   a - +3 dagger (venom)
rCold   + . .      Faith    .   l - +0 buckler
rNeg    . . .      Spirit   +   b - +0 robe
rPois   .          Reflect  .   (helmet restricted)
rElec   .          Harm     .   c - +0 cloak
rCorr   .          Rampage  .   (gloves unavailable)
Will    ++...                   (boots unavailable)
Stlth   ++++++....              y - amulet of guardian spirit
HPRegen 0.16/turn               z - ring of willpower
MPRegen 0.12/turn               (no ring)

@: very quick
A: very small, no large weapons, unfitting armour, see invisible, speed 3, claws
1, cold resistance 1, deformed body
a: Renounce Religion, Potion Petition, Call Merchant, Bribe Branch


You were on level 10 of the Dungeon.
You worshipped Gozag.
Gozag was most pleased with you.
You visited 1 branch of the dungeon, and saw 10 of its levels.

You collected 1937 gold pieces.
You spent 20 gold pieces at shops.
You paid 30 gold pieces to Gozag.

Inventory:

Hand Weapons
 a - a +3 dagger of venom (weapon)
 h - a +0 sling of flaming
 i - a +4 quarterstaff of chaos
 n - the +7 hammer of Betang {elec, rPois Int+6 Dex+3}
   (You found it on level 3 of the Dungeon)

   It occasionally discharges a powerful burst of electricity upon striking a
   foe.
   Int:       It affects your intelligence (+6).
   Dex:       It affects your dexterity (+3).
   rPois:     It protects you from poison.
Missiles
 d - 5 boomerangs
 o - 6 poisoned darts (quivered)
 p - 3 curare-tipped darts
 C - 3 throwing nets
Armour
 b - a +0 robe (worn)
 c - a +0 cloak (worn)
 l - a +0 buckler (worn)
 s - an orb of wrath
Jewellery
 t - an amulet of magic regeneration
 y - an amulet of guardian spirit (around neck)
 z - a ring of willpower (left claw)
 E - a ring of ice
Wands
 w - a wand of paralysis (10)
 x - a wand of mindburst (8)
Scrolls
 f - 5 scrolls of teleportation
 A - 6 scrolls of identify
Potions
 e - a potion of ambrosia
 g - a potion of berserk rage
 j - 3 potions of invisibility
 k - 6 potions of lignification
 m - a potion of might
 q - 9 potions of curing
 r - a potion of brilliance
 v - 2 potions of haste
 D - a potion of mutation


   Skills:
 + Level 4.2 Fighting
 + Level 6.0 Short Blades
 + Level 2.6 Maces & Flails
 + Level 1.7 Ranged Weapons
 + Level 5.3 Throwing
 * Level 8.2 Dodging
 * Level 15.7 Stealth
 * Level 4.4 Shields
 * Level 6.4 Evocations


You had 9 spell levels left.
You didn't know any spells.
Your spell library contained the following spells:

 Spells                   Type           Power      Damage    Failure   Level
 Dazzling Flash           Conj/Hex       0%         N/A       86%         3
 Ignite Poison            Fire/Tmut/Pois 0%         N/A       86%         3
 Mephitic Cloud           Conj/Pois/Air  0%         N/A       86%         3
 Ozocubu's Armour         Ice            0%         N/A       86%         3
 Iskenderun's Mystic Bla  Conj/Tloc      0%         2d3       99%         4
 Alistair's Intoxication  Tmut/Pois      0%         N/A       100%        5
 Borgnjor's Vile Clutch   Necr/Erth      0%         N/A       100%        5
 Freezing Cloud           Conj/Ice/Air   0%         6-21      100%        5
 Eringya's Noxious Bog    Tmut/Pois      0%         N/A       100%        6
 Starburst                Conj/Fire      0%         6d3       100%        6
 Ozocubu's Refrigeration  Ice            0%         4d7       100%        7


Dungeon Overview and Level Annotations

Branches:
Dungeon (10/15)            Temple (0/1) D:4             Orc (0/2) D:10
   Lair: D:8-11

Altars:
Cheibriados
Gozag
Uskayaw
Vehumet
Zin

Shops:
D:1 ?   D:3 (   D:9 *


Innate Abilities, Weirdness & Mutations

You are very small and have problems with some larger weapons.
You are too small for most types of armour.
You have supernaturally acute eyesight. (SInv)
You cover ground extremely quickly. (Speed+++)
You have sharp fingernails.
Your flesh is cold resistant. (rC+)
Armour fits poorly on your strangely shaped body.


Message History

Throw: 7 darts (poison)
Press: ? - help, Q - select action, (/) - cycle Shift-Dir - straight line, f/p - shadow
Aim: a shadow (almost destroyed, slightly transparent, 66% to hit)
You throw a poisoned dart. The poisoned dart hits the shadow.
The shadow is almost destroyed.
Unknown command.
The howler monkey hoots and howls with incredible vigour!
You hear an angry hiss.
Unknown command.
You hit the yak.
The yak is poisoned.
The yak is moderately wounded.
You hit the yak.
The yak looks as sick as possible!
The yak is moderately wounded.
The yak completely misses you. The shadow closely misses you.
The shadow slips into darkness.
The shadow flickers and vanishes for a moment.
You see here a +0 leather armour.
The steam dragon bites you. The steam dragon completely misses you.
The howler monkey hoots and howls with incredible vigour!
You hear a shout!
You hit the steam dragon but do no damage.
The steam dragon is poisoned.
You block the steam dragon's attack. The steam dragon misses you.
The shadow hits you.
The gnoll shouts!
The steam dragon breathes steam at you. The ball of steam hits you!
The shadow slips into darkness.
The shadow flickers and vanishes for a moment.
You hear a shout!
Unknown command.
The acid dragon spits acid at you. The splash of acid hits you!!
* * * LOW HITPOINT WARNING * * *
The howler monkey hoots and howls with incredible vigour!
The gnoll bouda barks out a call to the hunt!
The gnoll picks up the pace!
The acid dragon spits acid at you. The splash of acid hits you!!
You die...
Your body crumbles into a pile of gold.

..........................(..$...
................$........$.......
.................................
............!........(....(...$$.
..............).........Y......(.
........................$.....(..
....................$(..$........
.................................
................@.$...$..........
.............W...................
......[.....g.....##...........#.
.......#..........#h....D.....###
..........W..........W.#...#####.
.....g....#.#.....#...###..# ##
#........YD#.#.#(###### #...# #.
.......Y......##.##.## ##.## ##
...........#<##......# ### #


You could see a yak (very poisoned), an acid dragon (catching breath), 2 shadows
and a gnoll (swift).

Vanquished Creatures
  Harold (D:9)
  Maurice (D:8)
  2 trolls (D:10)
  Grinder (D:6)
  Prince Ribbit (D:8)
  Sigmund (D:2)
  A shadow (D:9)
  8 yaks
  Menkaure (D:6)
  Edmund (D:6)
  4 water moccasins
  2 black bears (D:5)
  5 orc warriors
  2 sky beasts
  An ice beast (D:5)
  2 ogres
  2 centaurs
  4 necrophages
  4 bullfrogs
  4 scorpions
  6 killer bees (D:9)
  An electric eel (D:8)
  4 howler monkeys
  4 jellies
  7 orc priests
  5 hounds
  Crazy Yiuf (D:3)
  A gnoll bouda (D:5)
  An iron imp (D:6)
  4 iguanas
  9 orc wizards
  13 gnolls
  3 adders
  2 shadow imps
  2 ufetubi
  A worm (D:2)
  2 dart slugs
  57 orcs
  4 ball pythons
  10 endoplasms
  2 giant cockroaches (D:1)
  9 goblins
  4 hobgoblins
  10 kobolds
  A quokka (D:1)
  5 bats
  3 frilled lizards (D:1)
  6 rats
225 creatures vanquished.

Vanquished Creatures (others)
  2 orc wizards
  2 endoplasms (D:4)
  A kobold (D:4)
5 creatures vanquished.

Grand Total: 230 creatures vanquished

Notes
Turn   | Place    | Note
-------+----------+-------------------------------------------
     0 | D:1      | styxcanada the Spriggan Brigand began the quest for the
                  | Orb.
     0 | D:1      | Reached XP level 1. HP: 10/10 MP: 2/2
    18 | D:1      | Reached skill level 6 in Stealth
   218 | D:1      | Reached XP level 2. HP: 5/15 MP: 3/3
   468 | D:1      | Found Janneech's Magic Scroll Shoppe.
   800 | D:1      | Bought a scroll of identify for 20 gold pieces
   952 | D:1      | Found a faded altar of an unknown god.
   969 | D:1      | Reached XP level 3. HP: 16/18 MP: 4/4
  1011 | D:1      | Reached skill level 7 in Stealth
  1639 | D:2      | Noticed Sigmund
  1721 | D:2      | Killed Sigmund
  1722 | D:2      | Reached skill level 8 in Stealth
  1722 | D:2      | Reached XP level 4. HP: 13/23 MP: 5/5
  1722 | D:2      | Reached XP level 5. HP: 15/26 MP: 6/6
  2259 | D:2      | Found an opulent altar of Gozag.
  2267 | D:2      | Became a worshipper of Gozag Ym Sagoz the Greedy
  3025 | D:3      | Found Saathema's Antique Weapon Emporium.
  3439 | D:3      | Found a runed translucent door.
  3440 | D:3      | Noticed Crazy Yiuf
  3447 | D:3      | Killed Crazy Yiuf
  3466 | D:3      | Identified the +7 hammer of Betang {elec, rPois Int+6
                  | Dex+3}
  3750 | D:4      | Reached skill level 9 in Stealth
  3750 | D:4      | Reached skill level 1 in Shields
  3750 | D:4      | Reached XP level 6. HP: 22/32 MP: 7/7
  3927 | D:4      | Noticed a +0 hand axe
  3928 | D:4      | Noticed a +0 dagger
  3931 | D:4      | Found a hide-covered altar of Uskayaw.
  3997 | D:4      | Found a radiant altar of Vehumet.
  4288 | D:4      | HP: 1/32 [something (18)]
  4674 | D:4      | Found a staircase to the Ecumenical Temple.
  4958 | D:5      | Entered Level 5 of the Dungeon
  4973 | D:5      | Found an opulent altar of Gozag.
  4995 | D:5      | Reached XP level 7. HP: 23/35 MP: 8/8
  5039 | D:5      | Reached skill level 10 in Stealth
  5452 | D:5      | Reached XP level 8. HP: 26/40 MP: 7/9
  6019 | D:5      | Reached skill level 1 in Maces & Flails
  6019 | D:5      | Reached skill level 11 in Stealth
  6452 | D:6      | Found a snail-covered altar of Cheibriados.
  6606 | D:6      | Noticed Grinder
  6627 | D:6      | Killed Grinder
  6628 | D:6      | Reached skill level 5 in Dodging
  6628 | D:6      | Reached skill level 1 in Evocations
  6824 | D:6      | Reached skill level 12 in Stealth
  6992 | D:6      | Noticed Edmund
  7012 | D:6      | Killed Edmund
  7198 | D:6      | Reached XP level 9. HP: 44/44 MP: 10/10
  7259 | D:6      | Noticed Menkaure
  7262 | D:6      | Killed Menkaure
  7263 | D:6      | Reached skill level 13 in Stealth
  8724 | D:8      | Reached skill level 14 in Stealth
  8843 | D:8      | Gained mutation: You are resistant to electric shocks.
                  | (rElec) [potion of mutation]
  8843 | D:8      | Gained mutation: Your magical capacity is low. (-10% MP)
                  | [potion of mutation]
  8843 | D:8      | Gained mutation: You have sharp fingernails. [potion of
                  | mutation]
  8843 | D:8      | Gained mutation: You have very sharp fingernails. [potion
                  | of mutation]
  8844 | D:8      | Lost mutation: You have very sharp fingernails. [potion of
                  | mutation]
  8844 | D:8      | Lost mutation: Your magical capacity is low. (-10% MP)
                  | [potion of mutation]
  8844 | D:8      | Gained mutation: You are somewhat resistant to further
                  | mutation. [potion of mutation]
  8865 | D:8      | Noticed Maurice
  8868 | D:8      | Killed Maurice
  8911 | D:8      | Reached skill level 5 in Short Blades
  8920 | D:8      | Reached XP level 10. HP: 26/49 MP: 6/11
  9197 | D:8      | Noticed Prince Ribbit
  9209 | D:8      | Killed Prince Ribbit
  9419 | D:8      | Reached skill level 5 in Evocations
  9785 | D:8      | Reached skill level 1 in Ranged Weapons
 10116 | D:9      | Reached skill level 15 in Stealth
 10294 | D:9      | Found Zin's Purification Station.
 10300 | D:9      | Found a glowing silver altar of Zin.
 10386 | D:9      | Noticed Harold
 10467 | D:9      | Killed Harold
 11465 | D:10     | Entered Level 10 of the Dungeon
 11518 | D:10     | Reached skill level 5 in Throwing
 11592 | D:9      | Lost mutation: You are resistant to electric shocks.
                  | (rElec) [potion of mutation]
 11592 | D:9      | Lost mutation: You are somewhat resistant to further
                  | mutation. [potion of mutation]
 11592 | D:9      | Gained mutation: Armour fits poorly on your strangely
                  | shaped body. [potion of mutation]
 11592 | D:9      | Gained mutation: Your flesh is cold resistant. (rC+)
                  | [potion of mutation]
 11702 | D:10     | Found a staircase to the Orcish Mines.
 11711 | D:10     | Noticed a two-headed ogre
 12560 | D:10     | Killed from afar by an acid dragon

Illustrated notes

Levels and vault maps discovered:
D:1:      dpeg_arrival_rooms_with_view, layout_loops_ring, serial_shops,
          shop_statue, shapermc_ecumenical_altar_totnotflames,
          minmay_misc_feat_tower
D:2:      layout_basic, basic_altar, minmay_strange_pillars, moated_statue,
          uniq_sigmund
D:3:      layout_basic, serial_shops, nicolae_lakefront_shop,
          uniq_crazy_yiuf_cottage
D:4:      layout_gridville, dancing_weapons_uskayaw, fiery_altar_vehumet,
          minmay_temple_entry_glass, minmay_crossroads
D:5:      kb_forest_paths, layout_basic,
          nicolae_gozag_cash_rules_everything_around_me
D:6:      layout_basic, slow_altar_1, uniq_grinder, uniq_menkaure, uniq_edmund
D:7:      layout_loops_corners
D:8:      layout_basic, minmay_fractal_squares_5, uniq_prince_ribbit1,
          uniq_maurice
D:9:      layout_loops_ring, zin_purify, special_room [special_room_orc],
          uniq_harold
D:10:     layout_cross, orc_0_dummy

Skill      XL: |  1  2  3  4  5  6  7  8  9 10 |
---------------+-------------------------------+-----
Stealth        | 6 8 9 10 12 14 15 | 15.7
Fighting       | 2 3 4 |  4.2
Dodging        | 2 3 4 5 6 8 |  8.2
Short Blades   | 3 4 5 6 |  6.0
Shields        | 1 2 3 4 |  4.4
Throwing       | 3 4 5 |  5.3
Maces & Flails | 1 2 |  2.6
Evocations     | 2 4 6 |  6.4
Ranged Weapons | 1 |  1.7

Action                   |  1- 3 |  4- 6 |  7- 9 | 10-12 || total
-------------------------+-------+-------+-------+-------++-------
Melee: Dagger            |    73 |    83 |   194 |   184 ||   534
       Mace              |       |     6 |    66 |     9 ||    81
 Fire: Sling             |       |       |     2 |    13 ||    15
Throw: Dart              |    19 |    27 |    35 |    57 ||   138
       Boomerang         |       |       |       |     7 ||     7
Evoke: Wand              |       |       |     3 |    20 ||    23
  Use: Scroll            |     2 |    12 |     7 |     3 ||    24
       Potion            |       |       |     3 |     2 ||     5
 Stab: Sleeping          |    11 |    14 |    16 |     4 ||    45
       Distracted        |     1 |     1 |     4 |     6 ||    12
Armor: Robe              |     7 |     3 |    16 |     4 ||    30
Dodge: Dodged            |    37 |    42 |   148 |   125 ||   352
Block: Buckler           |     1 |    18 |    57 |    55 ||   131
